 Dungeon Crawl Stone Soup version 0.27-a0-1278-g6cbc8dfb29 (webtiles) character file.

Game seed: 11593880495865216742

127 pokeman the Magician (level 4, 0/25 HPs)
             Began as a Deep Elf Hedge Wizard on June 12, 2021.
             Slain by Terence (4 damage)
             ... on level 3 of the Dungeon.
             The game lasted 00:05:14 (2309 turns).

pokeman the Magician (Deep Elf Hedge Wizard)        Turns: 2309, Time: 00:05:15

Health: 0/25       AC:  3    Str:  7    XL:     4   Next: 85%
Magic:  20/22      EV: 12    Int: 20    God:
Gold:   44         SH:  0    Dex: 14    Spells: 3/14 levels left

rFire    . . .     SeeInvis .   m - staff of poison
rCold    . . .     Faith    .   (no shield)
rNeg     . . .     Spirit   .   l - +0 leather armour
rPois    +         Reflect  .   c - +0 hat
rElec    .         Harm     .   (no cloak)
rCorr    .         Rampage  .   (no gloves)
Will     .....                  (no boots)
Stlth    ++........             b - amulet of magic regeneration
HPRegen  0.08/turn              g - ring of magical power
MPRegen  0.43/turn              (no ring)

@: very slightly contaminated
A: no striking features
a: no special abilities


You were on level 3 of the Dungeon.
You visited 1 branch of the dungeon, and saw 3 of its levels.

You collected 44 gold pieces.

Inventory:

Missiles
 d - 43 bolts
 o - 23 arrows
Armour
 c - a +0 hat (worn)
 l - a +0 leather armour (worn)
Magical Staves
 m - a staff of poison (weapon)
Jewellery
 a - a ring of fire
 b - an amulet of magic regeneration (around neck)
 g - a ring of magical power (left hand)
 k - a ring of fire
Scrolls
 e - 2 scrolls of teleportation {unknown}
 h - a scroll of vulnerability {unknown}
 i - a scroll of identify {unknown}
 n - 3 scrolls of holy word {unknown}
 q - a scroll of immolation {unknown}
Potions
 f - a potion of mutation {unknown}
 j - a potion of cancellation {unknown}
 p - a potion of attraction {unknown}
 r - a potion of curing {unknown}
 s - a potion of flight {unknown}


   Skills:
 - Level 1.0 Fighting
 - Level 1.0 Armour
 + Level 2.9 Dodging
 - Level 2.4 Stealth
 * Level 5.9 Spellcasting
 + Level 2.3 Conjurations
 - Level 1.1 Summonings
 - Level 1.1 Translocations
 - Level 1.0 Fire Magic
 + Level 0.2 Air Magic


You had 3 spell levels left.
You knew the following spells:

 Your Spells              Type           Power      Damage    Failure   Level
a - Magic Dart            Conj           60%        1d6       6%          1
b - Mephitic Cloud        Conj/Pois/Air  14%        N/A       32%         3
c - Call Imp              Summ           10%        N/A       14%         2
d - Blink                 Tloc           N/A        N/A       14%         2
e - Conjure Flame         Conj/Fire      12%        6-21      22%         3

Your spell library contained the following spells:

 Spells                   Type           Power      Damage    Failure   Level
 Slow                     Hex            5%         N/A       24%         2


Dungeon Overview and Level Annotations

Branches:
Dungeon (3/15)

Altars:

Annotations:
D:3 Terence


Message History

Aiming: Magic Dart (safe; 6% risk of failure)
Press: ? - help, Shift-Dir - straight line, f - adder
Aim: an adder (100% to hit)
The magic dart hits the adder.
The adder is heavily wounded.
You hear a shout!
Terence the Incautious comes into view.
He is wielding a +0 flail.
Casting: Magic Dart (safe; 6% risk of failure)
Confirm with . or Enter, or press ? or * to list all spells.
Aiming: Magic Dart (safe; 6% risk of failure)
Press: ? - help, Shift-Dir - straight line, f/p - adder
Aim: an adder (heavily wounded, 100% to hit)
The magic dart hits the adder.
You kill the adder!
Casting: Magic Dart (safe; 6% risk of failure)
Confirm with . or Enter, or press ? or * to list all spells.
The spell is extremely dangerous to cast (22% risk of failure)!
Continue anyway?
The fire begins to smoulder!
Terence smothers the flame.
Terence hits you with a +0 flail!
You see here a pink potion.
Casting: Conjure Flame (extremely dangerous; 22% risk of failure)
Confirm with . or Enter, or press ? or * to list all spells.
A beastly little devil appears in a puff of flame.
Terence hits you but does no damage.
Your crimson imp hits Terence but does no damage.
Casting: Call Imp (safe; 14% risk of failure)
Confirm with . or Enter, or press ? or * to list all spells.
You miscast Call Imp.
You are very lightly contaminated with residual magic.
Nothing appears to happen.
Terence hits you with a +0 flail!
* * * LOW HITPOINT WARNING * * *
You hear the slow rusting of a drain very nearby.
Your magical contamination has completely faded away.
Casting: Call Imp (safe; 14% risk of failure)
Confirm with . or Enter, or press ? or * to list all spells.
You miscast Blink.
You are very lightly contaminated with residual magic.
Nothing appears to happen.
Terence hits you with a +0 flail.
You die...

##### ##..5##
#.###.############
#.# #.......)....###
#5###.##########....
##@.!## #####
#.#@#.# #.##.##..
... ..? .## .##
##.## . #. #.# .# .
... # #.# #.#


You could see Terence (ally target) and a friendly crimson imp (summoned).

Vanquished Creatures
  4 gnolls (D:2)
  5 adders
  2 worms
  3 dart slugs
  An orc (D:3)
  4 bats
  5 endoplasms
  3 goblins
  A hobgoblin (D:1)
  7 kobolds
  2 quokkas
  7 ball pythons
  A frilled lizard (D:2)
  2 rats
47 creatures vanquished.

Notes
Turn   | Place    | Note
-------+----------+-------------------------------------------
     0 | D:1      | pokeman the Deep Elf Hedge Wizard began the quest for the
                  | Orb.
     0 | D:1      | Reached XP level 1. HP: 10/10 MP: 7/7
   679 | D:1      | Found a faded altar of an unknown god.
   687 | D:1      | Reached XP level 2. HP: 16/16 MP: 3/9
  1304 | D:2      | Reached skill level 5 in Spellcasting
  1413 | D:2      | Reached XP level 3. HP: 20/20 MP: 4/11
  1417 | D:2      | Learned a level 3 spell: Mephitic Cloud
  1420 | D:2      | Learned a level 2 spell: Call Imp
  1423 | D:2      | Learned a level 2 spell: Blink
  1427 | D:2      | Learned a level 3 spell: Conjure Flame
  1591 | D:2      | Reached skill level 1 in Fighting
  1642 | D:2      | Reached skill level 1 in Armour
  1644 | D:2      | Reached XP level 4. HP: 15/25 MP: 13/13
  2169 | D:2      | Reached skill level 1 in Fire Magic
  2290 | D:3      | Noticed Terence
  2309 | D:3      | Slain by Terence

Illustrated notes

Levels and vault maps discovered:
D:1:      erik_arrival_triangle_small, layout_rooms,
          hellmonk_ecumenical_altar_slurped_away, kennysheep_decorative_pillar,
          st_stairs_6
D:2:      layout_basic, serial_glass, glass_columns_b, glass_columns_a,
          minmay_pentomino_s2
D:3:      layout_loops_ring, led_sif_pool, gup_sewer_entry_bowl,
          feat_on_display, uniq_terence

Skill      XL: |  1  2  3  4 |
---------------+-------------+-----
Spellcasting   | 5 |  5.9
Fighting       | 1 |  1.0
Armour         | 1 |  1.0
Conjurations   | 2 |  2.3
Fire Magic     | 1 |  1.0
Dodging        | |  2.9
Stealth        | |  2.4
Summonings     | |  1.1
Translocations | |  1.1
Air Magic      | |  0.2

Action                   |  1- 3 |  4- 6 || total
-------------------------+-------+-------++-------
Melee: Dagger            |     5 |       ||     5
       Staff             |       |     9 ||     9
 Cast: Magic Dart        |    80 |    49 ||   129
       Conjure Flame     |       |     2 ||     2
       Mephitic Cloud    |       |     2 ||     2
       Call Imp          |       |     1 ||     1
 Stab: Confused          |       |     1 ||     1
Armor: Robe              |     3 |       ||     3
       Leather armour    |     1 |     1 ||     2
Dodge: Dodged            |    12 |     1 ||    13

Table legend: (Time is in decaauts)
 A = Elapsed time spent in this place.
 B = Non-inter-level travel time spent in this place.
 C = Inter-level travel time spent in this place.
 D = Time resting spent in this place.
 E = Time spent auto-exploring this place.
 F = Levels seen in this place.
 G = Mean time per level.
                   A        B        C        D        E       F      G
               +--------+--------+--------+--------+--------+-----+--------+
         Total |   2309 |   2273 |     36 |    471 |   1386 |   3 |  769.7 |
       Dungeon |   2309 |   2273 |     36 |    471 |   1386 |   3 |  769.7 |
               +--------+--------+--------+--------+--------+-----+--------+

Top non-repeatable levels by time:
     D:1: 1274 daAuts
     D:2: 926 daAuts
     D:3: 108 daAuts
